 Dungeon Crawl Stone Soup version 0.29.1-2-gbd0b4ee654 (webtiles) character file.

Game seed: 12003797131495087844

114 croobank the Insei (level 4, 0/29 HPs)
             Began as an Octopode Transmuter on Nov 19, 2022.
             Was a Follower of Cheibriados.
             Slain by a phantom (6 damage)
             ... on level 4 of the Dungeon.
             The game lasted 00:08:54 (3664 turns).

croobank the Insei (Octopode Transmuter)            Turns: 3664, Time: 00:08:54

Health: 0/29       AC:  1    Str: 12    XL:     4   Next: 98%
Magic:  5/8        EV: 14    Int: 20    God:    Cheibriados [*.....]
Gold:   140        SH:  0    Dex: 24    Spells: 2/8 levels left

rFire   . . .      SeeInvis .   a - +3 hand axe "Demonbane" {freeze, Dex+9}
rCold   . . .      Faith    .   (no shield)
rNeg    . . .      Spirit   .   (helmet currently unavailable)
rPois   .          Reflect  .   (no amulet)
rElec   .          Harm     .   (no ring)
rCorr   .          Rampage  .   (no ring)
Will    .....                   (no ring)
Stlth   +++.......              (no ring)
HPRegen 0.09/turn               (no ring)
MPRegen 0.11/turn               (no ring)
                                (no ring)
                                (no ring)

@: appendages, wereblooded, very slow
A: tentacle spike 3, almost no armour, amphibious, 8 rings, camouflage 1,
gelatinous body 1, (nimble swimmer 1), tentacles
a: End Transformation, Renounce Religion, Bend Time


You were on level 4 of the Dungeon.
You worshipped Cheibriados.
Cheibriados was aware of your devotion.
One of your tentacles had grown a beastly spike.
You visited 1 branch of the dungeon, and saw 4 of its levels.

You collected 140 gold pieces.

Inventory:

Hand Weapons
 a - the +3 hand axe "Demonbane" (weapon) {freeze, Dex+9}
   (You found it on level 2 of the Dungeon)

   It freezes those it strikes, dealing additional cold damage.
   It can also slow down cold-blooded creatures.
   Dex:       It affects your dexterity (+9).
 b - a +0 sling
 e - a +0 short sword
 m - a +0 dagger of pain
Missiles
 n - 4 javelins (quivered)
Jewellery
 c - an amulet of faith
Scrolls
 f - 2 scrolls of blinking {unknown}
 g - a scroll of summoning {unknown}
 j - a scroll of fear {unknown}
 k - 2 scrolls of identify {unknown}
 o - a scroll of immolation {unknown}
Potions
 d - a potion of might {unknown}
 h - a potion of lignification
 i - 3 potions of haste {unknown}
 l - a potion of curing {unknown}
 p - a potion of degeneration {unknown}
 q - a potion of brilliance {unknown}


   Skills:
 + Level 2.1 Fighting
 + Level 1.1 Axes
 + Level 2.7 Dodging
 - Level 3.2 Unarmed Combat
 + Level 2.7 Spellcasting
 + Level 2.8 Transmutations
 + Level 0.1 Poison Magic


You had 2 spell levels left.
You knew the following spells:

 Your Spells              Type           Power      Damage    Failure   Level
a - Beastly Appendage     Tmut           26%        N/A       4%          1
b - Wereblood             Tmut           13%        N/A       7%          2
c - Mephitic Cloud        Conj/Pois/Air  2%         N/A       41%         3

Your spell library contained the following spells:

 Spells                   Type           Power      Damage    Failure   Level
 Magic Dart               Conj           8%         1d3       14%         1
 Call Imp                 Summ           2%         N/A       22%         2
 Spider Form              Tmut/Pois      8%         N/A       24%         3
 Ice Form                 Ice/Tmut       8%         N/A       63%         4


Dungeon Overview and Level Annotations

Branches:
Dungeon (4/15)
 Temple: D:4-7

Altars:
Ashenzari
Cheibriados

Shops:
D:1 (


Innate Abilities, Weirdness & Mutations

One of your tentacles has grown a beastly spike.
You cannot wear most types of armour.
You are amphibious.
You can wear up to eight rings at the same time.
Your skin changes colour to match your surroundings (Stealth+).
Your rubbery body absorbs attacks. (AC +1, EV +1)
((You are camouflaged when in or above water. (Stealth+)))
You have tentacles for arms and can constrict up to eight enemies at once.


Message History

Your tentacle spike disappears.
Your primal bloodlust has ended.
You see here a +0 halberd.
You see here a +0 club.
Found 4 boomerangs.
i - 3 glowing silvery potions (gained 1)
You now have 126 gold pieces (gained 11).
Found 14 gold pieces.
Found a stone staircase leading up.
You now have 140 gold pieces (gained 14).
Things that are here:
a +0 hand axe; an orc skeleton
(D) Dungeon
Where to? (Enter - D:3 @ (x,y), ? - help)
There is a stone staircase leading down here.
You climb downwards.
The phantom hits you!
The phantom blinks!
You blink.
Casting: Wereblood (safe; 7% risk of failure)
Confirm with . or Enter, or press ? or * to list all spells.
One of your tentacles grows a vicious spike.
The phantom closely misses you.
Casting: Beastly Appendage (safe; 4% risk of failure)
Confirm with . or Enter, or press ? or * to list all spells.
Your blood is infused with primal strength.
The phantom hits you but does no damage.
You slash the phantom!
The phantom is moderately damaged.
The phantom closely misses you. x2
You slash the phantom!
The phantom is heavily damaged.
The phantom barely misses you.
You miss the phantom.
The phantom is heavily damaged.
The phantom hits you.
The phantom blinks!
You blink.
You barely miss the phantom.
You pierce the phantom.
The phantom is heavily damaged.
The phantom hits you.
The phantom blinks!
You blink.
The phantom hits you.
* * * LOW HITPOINT WARNING * * *
You barely miss the phantom.
The phantom is heavily damaged.
The phantom hits you.
You die...

### .# ###.###.#
####.......#
#####..........##
####........<...§..#
..........§...[....#
#................#
#.#.......)........#
#......@..........<#
#.....W............#
..##.......#'#....##
##......#.#...##
##.###.#.#.### ..
..#.#.. #. . #.# .
## ... ._.


You could see a phantom.

Vanquished Creatures
  An iguana (D:3)
  3 gnolls
  An adder (D:2)
  A worm (D:3)
  A dart slug (D:2)
  5 orcs (D:3)
  3 endoplasms (D:1)
  5 goblins
  3 hobgoblins
  4 kobolds
  A quokka (D:3)
  5 ball pythons
  2 bats
  A frilled lizard (D:1)
  4 rats
40 creatures vanquished.

Notes
Turn   | Place    | Note
-------+----------+-------------------------------------------
     0 | D:1      | croobank the Octopode Transmuter began the quest for the
                  | Orb.
     0 | D:1      | Reached XP level 1. HP: 13/13 MP: 3/3
   162 | D:1      | Reached XP level 2. HP: 13/18 MP: 1/5
   489 | D:1      | Found Idufiss's Weapon Boutique.
   495 | D:1      | Learned a level 2 spell: Wereblood
  1636 | D:2      | Found a faded altar of an unknown god.
  1684 | D:2      | Prayed at the altar of an unknown god.
  1684 | D:2      | Became a worshipper of Cheibriados the Contemplative
  1684 | D:2      | Reached * piety under Cheibriados
  1775 | D:2      | Reached XP level 3. HP: 11/23 MP: 1/6
  2422 | D:2      | Identified the +3 hand axe "Demonbane" {freeze, Dex+9}
  2576 | D:3      | Reached XP level 4. HP: 20/29 MP: 4/7
  2736 | D:3      | HP: 1/29 [gnoll/+0 club (3)]
  3330 | D:3      | Reached skill level 1 in Axes
  3381 | D:4      | Noticed a phantom
  3384 | D:4      | Found a broken altar of Ashenzari.
  3475 | D:3      | Learned a level 3 spell: Mephitic Cloud
  3664 | D:4      | Slain by a phantom

Illustrated notes

Levels and vault maps discovered:
D:1:      dpeg_arrival_prison, layout_basic, serial_shops,
          nicolae_shop_statue_plus
D:2:      layout_rooms, hellmonk_ecumenical_altar_heavens_door
D:3:      layout_rooms
D:4:      kennysheep_spiral_hall, layout_rooms,
          nicolae_hepliaklqana_hazy_memory, mainiacjoe_overflow_surrounded_room,
          minmay_temple_entry_nine_rooms, nicolae_shop_fire_sale
          [nicolae_sub_dead_trees]

Skill      XL: |  1  2  3  4 |
---------------+-------------+-----
Fighting       | 2 |  2.1
Axes           | 1 |  1.1
Dodging        | |  2.7
Unarmed Combat | |  3.2
Spellcasting   | |  2.7
Transmutations | |  2.8
Poison Magic   | |  0.1

Action                   |  1- 3 |  4- 6 || total
-------------------------+-------+-------++-------
Melee: Unarmed           |    25 |       ||    25
       Kick              |    12 |     6 ||    18
       Constrict         |    12 |     6 ||    18
       Tentacles         |    10 |     5 ||    15
       Short sword       |     9 |       ||     9
       Dagger            |    11 |       ||    11
       Hand axe          |     5 |    26 ||    31
Throw: Throwing net      |       |     1 ||     1
 Cast: Beastly Appendage |    19 |     7 ||    26
       Wereblood         |     7 |     5 ||    12
 Stab: Sleeping          |     3 |     2 ||     5
Armor: Skin              |     3 |     3 ||     6
Dodge: Dodged            |    29 |    18 ||    47
